 Dungeon Crawl Stone Soup version 0.29-a0-892-g2c4c91d9db (webtiles) character file.

Game seed: 6142831497819638197

347 kevlar127 the Ruffian (level 6, 0/94 HPs)
             Began as a Troll Berserker on July 23, 2022.
             Was a Believer of Trog.
             Slain by an orc
             ... wielding a +0 hand axe
              (6 damage)
             ... on level 4 of the Dungeon.
             The game lasted 00:05:24 (2756 turns).

kevlar127 the Ruffian (Troll Berserker)             Turns: 2756, Time: 00:05:25

Health: 0/94       AC:  5    Str: 28    XL:     6   Next: 33%
Magic:  5/5        EV: 10    Int:  3    God:    Trog [**....]
Gold:   202        SH:  0    Dex:  9    Spells: 5/5 levels left

rFire   . . .      SeeInvis .     - Unarmed
rCold   . . .      Faith    .   (no shield)
rNeg    . . .      Spirit   .   a - +0 animal skin
rPois   .          Reflect  .   (helmet restricted)
rElec   .          Harm     .   r - +0 cloak
rCorr   .          Rampage  .   (gloves unavailable)
Will    .....                   (boots unavailable)
Stlth   ..........              (no amulet)
HPRegen 1.05/turn               (no ring)
MPRegen 0.09/turn               (no ring)

@: berserking, very quick
A: large, unfitting armour, claws 3, regeneration 1, shaggy fur 1, tough skin 1
a: Renounce Religion, Berserk, Trog's Hand


You were on level 4 of the Dungeon.
You worshipped Trog.
Trog was pleased with you.
You visited 1 branch of the dungeon, and saw 4 of its levels.

You collected 202 gold pieces.

Inventory:

Missiles
 f - 47 stones (quivered)
 o - 6 poisoned darts
 q - 3 boomerangs
Armour
 a - a +0 animal skin (worn)
 r - a +0 cloak (worn)
Scrolls
 c - a scroll of enchant armour {unknown}
 d - 8 scrolls of identify {unknown}
 j - a scroll of vulnerability {unknown}
 l - a scroll of enchant weapon {unknown}
 m - a scroll of poison {unknown}
 n - a scroll of noise {unknown}
 p - 4 scrolls of teleportation {unknown}
Potions
 b - a potion of resistance {unknown}
 e - a potion of attraction {unknown}
 g - 5 potions of curing {unknown}
 h - a potion of brilliance {unknown}
 i - 2 potions of heal wounds {unknown}
 k - a potion of mutation {unknown}


   Skills:
 + Level 4.3 Fighting
 - Level 3.0 Dodging
 + Level 5.3 Unarmed Combat


You had 5 spell levels left.
You didn't know any spells.
Your spell library was empty.

Dungeon Overview and Level Annotations

Branches:
Dungeon (4/15)
 Temple: D:4-7

Altars:
Kikubaaqudgha

Annotations:
D:4 Ijyb


Innate Abilities, Weirdness & Mutations

You are too large for most types of armour.
You have claws for hands.
Your natural rate of healing is unusually fast.
You are covered in fur. (AC +1)
You have tough skin. (AC +1)


Message History

You scratch the centaur.
The centaur is almost dead.
The centaur hits you but does no damage.
The centaur kicks you but does no damage.
A quokka comes into view.
Ijyb hits you with a +0 club. The orc hits you with a +0 war axe!
The centaur closely misses you. x2
You scratch the centaur.
You kill the centaur!
Trog accepts your kill. The orc hits you with a +0 war axe.
Ijyb barely misses you.
You closely miss Ijyb. Your claw misses Ijyb. Ijyb hits you with a +0 club.
The orc barely misses you.
You closely miss Ijyb.
Ijyb screams, "Me very upset!"
Ijyb zaps a wand.
Your mind is blasted!
The orc hits you with a +0 war axe.
You closely miss Ijyb.
Ijyb zaps a wand.
You barely resist. The orc hits you with a +0 hand axe.
The orc completely misses you.
You barely miss Ijyb. Ijyb barely misses you.
The orc hits you with a +0 war axe. The orc hits you with a +0 hand axe.
You closely miss Ijyb. You scratch Ijyb.
Ijyb is lightly wounded.
Ijyb barely misses you. The orc hits you with a +0 war axe.
The orc hits you with a +0 hand axe.
You closely miss Ijyb.
Ijyb is lightly wounded.
Ijyb hits you with a +0 club.
* * * LOW HITPOINT WARNING * * *
The orc hits you but does no damage. The orc hits you with a +0 hand axe.
* * * LOW HITPOINT WARNING * * *
Unknown command.
A red film seems to cover your vision as you go berserk!
You feel yourself moving faster!
You feel mighty!
Ijyb zaps a wand.
Your mind is blasted!
* * * LOW HITPOINT WARNING * * *
The orc hits you with a +0 war axe.
* * * LOW HITPOINT WARNING * * *
The orc hits you with a +0 hand axe.
You die...

#. ..$### . #.
...#.. .. ..
#...... ...
.##....... ....
#......... .....
#r........
..#...#go...#
......)@o.(#
##.........#
###...........
#...$.....##
..!.........#
...............
................
.....!..........


You could see Ijyb, 2 orcs and a quokka.

Vanquished Creatures
  A centaur (D:4)
  A water moccasin zombie (D:3)
  A vampire bat (D:3)
  A centaur zombie (D:3)
  The ghost of Brotato the Sneak, a weakling SpBr (D:3)
  A bullfrog skeleton (D:3)
  2 adders
  2 worms (D:3)
  An orc (D:3)
  10 ball pythons
  3 bat skeletons (D:3)
  3 bat zombies (D:3)
  3 endoplasms
  2 giant cockroaches (D:3)
  5 goblins
  6 hobgoblins
  2 jackals (D:1)
  3 quokkas
  7 bats
  5 frilled lizards
  2 kobolds
  9 rats
71 creatures vanquished.

Notes
Turn   | Place    | Note
-------+----------+-------------------------------------------
     0 | D:1      | kevlar127 the Troll Berserker began the quest for the Orb.
     0 | D:1      | Reached XP level 1. HP: 22/22 MP: 0/0
    35 | D:1      | Found a faded altar of an unknown god.
   163 | D:1      | Reached XP level 2. HP: 29/29 MP: 1/1
   639 | D:2      | Reached XP level 3. HP: 36/36 MP: 2/2
   730 | D:2      | Reached ** piety under Trog
  1593 | D:3      | Found a transporter.
  1615 | D:3      | Found an ancient bone altar of Kikubaaqudgha.
  1621 | D:3      | Reached XP level 4. HP: 45/45 MP: 3/3
  1651 | D:3      | Reached skill level 4 in Unarmed Combat
  1683 | D:3      | Noticed Brotato's ghost (weakling SpBr)
  2039 | D:3      | Found a transporter.
  2373 | D:3      | Reached XP level 5. HP: 38/54 MP: 4/4
  2384 | D:3      | HP: 2/81 [Brotato's ghost (16)]
  2385 | D:3      | Killed Brotato's ghost
  2386 | D:3      | Reached skill level 5 in Unarmed Combat
  2386 | D:3      | Reached XP level 6. HP: 4/62 MP: 5/5
  2741 | D:4      | Noticed Ijyb
  2756 | D:4      | Slain by an orc

Illustrated notes

Levels and vault maps discovered:
D:1:      onia_arrival_handbag, layout_basic,
          shapermc_ecumenical_altar_mp_highgroup
D:2:      layout_basic, kennysheep_pointless_box
D:3:      layout_basic, kennysheep_vampire_church, gammafunk_ghost_mausoleum
D:4:      layout_cave_pools, general_overflow_altar, uniq_ijyb,
          uniq_blork_the_orc, uniq_menkaure

Skill      XL: |  1  2  3  4  5 |
---------------+----------------+-----
Dodging        | 3 |  3.0
Fighting       | 3 4 |  4.3
Unarmed Combat | 4 5 |  5.3

Action                   |  1- 3 |  4- 6 || total
-------------------------+-------+-------++-------
Melee: Unarmed           |   103 |    72 ||   175
       Punch             |       |     1 ||     1
Invok: Berserk           |       |     2 ||     2
 Stab: Sleeping          |     1 |       ||     1
Armor: Animal skin       |    49 |    49 ||    98
Dodge: Dodged            |    63 |    48 ||   111

Table legend: (Time is in decaauts)
 A = Elapsed time spent in this place.
 B = Non-inter-level travel time spent in this place.
 C = Inter-level travel time spent in this place.
 D = Time resting spent in this place.
 E = Time spent auto-exploring this place.
 F = Levels seen in this place.
 G = Mean time per level.
                   A        B        C        D        E       F      G
               +--------+--------+--------+--------+--------+-----+--------+
         Total |   2750 |   2541 |    209 |    259 |   1864 |   4 |  687.5 |
       Dungeon |   2750 |   2541 |    209 |    259 |   1864 |   4 |  687.5 |
               +--------+--------+--------+--------+--------+-----+--------+

Top non-repeatable levels by time:
     D:3: 1371 daAuts
     D:2: 841 daAuts
     D:1: 523 daAuts
     D:4: 13 daAuts
